 Dungeon Crawl Stone Soup version 0.29.1-15-g9cfb28693d (webtiles) character file.

Game seed: 13599837545654337051

44 zeram the Grave Robber (level 3, -7/31 HPs)
             Began as a Troll Necromancer on Apr 18, 2023.
             Killed from afar by Sigmund (9 damage)
             ... with a puff of flame
             ... on level 2 of the Dungeon.
             The game lasted 00:02:51 (957 turns).

zeram the Grave Robber (Troll Necromancer)           Turns: 957, Time: 00:02:52

Health: -7/31      AC:  4    Str: 16    XL:     3   Next: 39%
Magic:  12/12      EV: 10    Int: 13    God:
Gold:   13         SH:  0    Dex: 10    Spells: 0/4 levels left

rFire   . . .      SeeInvis .   g - +1 mace
rCold   . . .      Faith    .   (no shield)
rNeg    . . .      Spirit   .   a - +0 robe
rPois   .          Reflect  .   (helmet restricted)
rElec   .          Harm     .   (no cloak)
rCorr   .          Rampage  .   (gloves unavailable)
Will    .....                   (boots unavailable)
Stlth   +.........              (no amulet)
HPRegen 0.90/turn               i - ring of magical power
MPRegen 0.13/turn               (no ring)

@: mighty
A: large, unfitting armour, claws 3, regeneration 1, shaggy fur 1, tough skin 1
a: no special abilities


You were on level 2 of the Dungeon.
You visited 1 branch of the dungeon, and saw 2 of its levels.

You collected 13 gold pieces.

Inventory:

Hand Weapons
 g - a +1 mace (weapon)
Armour
 a - a +0 robe (worn)
Jewellery
 i - a ring of magical power (left claw)
Scrolls
 c - 2 scrolls of identify {unknown}
 f - a scroll of blinking {unknown}
Potions
 b - a potion of magic
 e - a potion of degeneration {unknown}
 h - a potion of berserk rage {unknown}
 j - a potion of heal wounds {unknown}


   Skills:
 + Level 0.4 Maces & Flails
 + Level 2.1 Dodging
 + Level 1.2 Stealth
 - Level 0.5 Unarmed Combat
 + Level 1.2 Spellcasting
 + Level 3.7 Necromancy


You couldn't memorise any spells.
You knew the following spells:

 Your Spells              Type           Power      Damage    Failure   Level
a - Necrotise             Necr           40%        1d6       6%          1
b - Vampiric Draining     Necr           10%        2d6       19%         3

Your spell library contained the following spells:

 Spells                   Type           Power      Damage    Failure   Level
 Animate Dead             Necr           10%        N/A       52%         4
 Agony                    Necr           10%        N/A       86%         5


Dungeon Overview and Level Annotations

Branches:
Dungeon (2/15)

Altars:
Hepliaklqana

Annotations:
D:2 Sigmund


Innate Abilities, Weirdness & Mutations

You are too large for most types of armour.
You have claws for hands.
Your natural rate of healing is unusually fast.
You are covered in fur. (AC +1)
You have tough skin. (AC +1)


Message History

No target in view!
No target in view!
No target in view!
No target in view!
No target in view!
No target in view!
Okay, then.
Okay, then.
As you read the scroll labelled JEUXARH ETARGH, it crumbles to dust.
A profound silence engulfs you.
It was a scroll of silence.
Magic scrolls do not work when you're silenced!
You see here a bat corpse.
e - a fizzy orange potion Sigmund the Dreaded comes into view.
He is wielding a +0 scythe of flaming.
Sigmund is nearby!
Sigmund closely misses you.
It was a potion of might.
You feel very mighty all of a sudden.
Your hearing returns.
Sigmund mumbles some strange words.
Sigmund flickers and vanishes!
Deactivating autopickup; reactivate with Ctrl-A.
Okay, then.
Something hits you! Something burns you.
You sock something! Your claw misses something. Something hits you!
Something burns you.
You hit something.
You hear some strange, mumbled words.
Something tries to affect you, but you resist.
Something hits you. Something burns you.
You miss something.
An adder comes into view.
You hear some strange, mumbled words.
A puff of flame appears from out of thin air!
The puff of flame hits you!
* * * LOW HITPOINT WARNING * * *
You closely miss something.
You hear some strange, mumbled words.
A puff of flame appears from out of thin air!
The puff of flame hits you!
You die...

.# .....
.##########.......
.......†....###..#
###....#######...
##.#.......#..#
#.#######....#
#..# ##...# ##.##
#....## #
#.†#####..#{@# #
##.#......##..# #
#........###.# #
##.......# ..# #
##....#.# #..#
#....#.# #..# #
#......# #.. ###
#.....## ...
..##...#.....#


There were no monsters in sight!

Vanquished Creatures
  A dart slug (D:1)
  4 ball pythons
  3 endoplasms (D:1)
  A giant cockroach (D:2)
  3 goblins
  5 hobgoblins
  2 quokkas (D:1)
  7 bats
  6 frilled lizards
  2 kobolds (D:1)
  6 rats
40 creatures vanquished.

Notes
Turn   | Place    | Note
-------+----------+-------------------------------------------
     0 | D:1      | zeram the Troll Necromancer began the quest for the Orb.
     0 | D:1      | Reached XP level 1. HP: 16/16 MP: 1/1
   123 | D:1      | Reached XP level 2. HP: 24/24 MP: 2/2
   433 | D:1      | Reached XP level 3. HP: 31/31 MP: 3/3
   437 | D:1      | Learned a level 3 spell: Vampiric Draining
   702 | D:2      | Found a hazy altar of Hepliaklqana.
   948 | D:2      | Noticed Sigmund
   956 | D:2      | HP: 1/31 [something/puff of flame (10)]
   957 | D:2      | Killed from afar by Sigmund

Illustrated notes

Levels and vault maps discovered:
D:1:      dpeg_arrival_rooms_a, layout_basic,
          hangedman_abyss_or_decor_lesser_grid, minmay_misc_feat_room,
          minmay_cut_off
D:2:      layout_rooms, basic_altar, minmay_pentomino_pile, uniq_sigmund

Skill      XL: |  1  2  3 |
---------------+----------+-----
Dodging        | 2 |  2.1
Maces & Flails | |  0.4
Stealth        | |  1.2
Unarmed Combat | |  0.5
Spellcasting   | |  1.2
Necromancy     | |  3.7

Action                   || total
-------------------------++-------
Melee: Unarmed           ||    20
       Club              ||    90
       Mace              ||    53
  Use: Scroll            ||     3
       Potion            ||     1
 Stab: Sleeping          ||     4
Armor: Robe              ||    91
Dodge: Dodged            ||   107
